Map: Submarine LE

Players

Erik

  • Race: Zerg Zerg
  • Spawn Location: 11:00

Cham - Winner!

  • Race: Zerg Zerg
  • League: Grandmaster
  • Spawn Location: 5:00

Event: DreamHack SC2 Masters 2020 Fall

VOD

Have the link to the VOD?

Description

Time

  • Played on: Aug. 28, 2020, 3:38 p.m.
  • Length: 7:42

All games in this series

Show
View Real Time Build Order
Export as new Build Order

Erik Zerg 

Build Orders: Pool First 

Get SALT Encoding   

  12  0:02  Drone  
  13  0:08  Drone  
  14  0:16  Drone, Extractor  
  15  0:22  Overlord  
  15  0:36  Spawning Pool  
  15  0:41  Drone  
  15  0:44  Drone  
  15  0:48  Drone  
  17  0:51  Extractor  
  17  0:56  Drone  
  17  1:14  Hatchery  
  16  1:23  Zergling x4  
  18  1:28  Zergling x2  
  19  1:37  Queen  
  21  1:47  Overlord  
  21  1:53  Metabolic Boost  
  21  1:57  Zergling x2  
  22  2:02  Drone, Extractor  
  23  2:11  Drone  
  23  2:15  Queen  
  26  2:23  Drone  
  26  2:29  Drone  
  27  2:31  Queen  
  27  2:34  Drone  
  30  2:38  Drone  
  31  2:46  Zergling x2  
  31  2:47  Zergling x4  
  31  2:49  Zergling x2  
  35  2:58  Zergling x2  
  35  3:00  Overlord  
  35  3:02  Overlord  
  34  3:20  Drone  
  34  3:22  Drone x3  
  34  3:27  Drone x2  
  39  3:28  Drone  
  39  3:33  Evolution Chamber  
  39  3:38  Roach Warren  
  36  3:43  Drone x3, Evolution Chamber  
  37  4:00  Extractor  
  37  4:01  Extractor  
  33  4:07  Drone x3  
  36  4:10  Lair  
  36  4:11  Drone  
  36  4:12  Drone x4  
  36  4:13  Drone  
  42  4:17  Zerg Missile Weapons Level 1  
  42  4:19  Drone  
  43  4:31  Extractor, Overlord  
  42  4:32  Roach  
  42  4:33  Overlord  
  42  4:36  Overlord  
  44  4:50  Drone x5  
  49  4:55  Roach x2  
  53  5:00  Pneumatized Carapace  
  53  5:06  Roach x3  
  59  5:09  Glial Reconstitution  
  59  5:25  Roach x4  
  59  5:27  Overlord  
  67  5:51  Overlord x2  
  67  5:52  Roach x2  
  67  5:55  Hatchery  
  70  5:57  Overlord  
  70  5:58  Overlord  
  70  6:04  Overlord x2  
  72  6:11  Roach x2  
  74  6:23  Roach x4  
  80  6:40  Roach x6  
  84  6:50  Roach x3  
  82  7:02  Roach x4  
  75  7:13  Roach  
Show
View Real Time Build Order
Export as new Build Order

Cham Zerg - Winner!

Build Orders: Hatch First 

Get SALT Encoding   

  12  0:00  Drone  
  13  0:09  Drone  
  14  0:16  Overlord  
  14  0:34  Drone x2  
  16  0:47  Hatchery  
  15  0:51  Drone  
  16  1:04  Spawning Pool  
  16  1:10  Drone, Extractor  
  15  1:13  Drone  
  15  1:17  Drone  
  17  1:32  Drone  
  18  1:45  Overlord  
  18  1:47  Drone  
  18  1:51  Queen  
  21  1:59  Queen  
  21  2:00  Zergling x4  
  25  2:05  Zergling x2  
  26  2:12  Drone  
  27  2:16  Drone  
  27  2:23  Zergling x2  
  28  2:33  Drone  
  28  2:34  Drone, Metabolic Boost  
  30  2:40  Queen  
  32  2:45  Drone x2  
  32  2:50  Overlord  
  34  2:58  Zergling x2  
  34  3:05  Overlord  
  35  3:10  Zergling x10  
  40  3:22  Zergling x6  
  43  3:38  Drone x3  
  43  3:39  Drone x2  
  46  3:45  Drone x3  
  49  3:55  Drone x3  
  52  4:02  Overlord  
  52  4:09  Hatchery  
  51  4:19  Drone  
  51  4:20  Queen, Overlord  
  54  4:30  Drone x4  
  54  4:31  Drone x2  
  60  4:37  Roach Warren  
  59  4:40  Drone, Extractor  
  59  4:41  Drone x2  
  59  4:44  Extractor  
  60  4:47  Queen  
  60  4:52  Overlord  
  62  4:56  Overlord  
  62  4:59  Queen  
  64  5:07  Overlord  
  64  5:11  Overlord  
  64  5:19  Roach x5  
  74  5:23  Overlord  
  74  5:25  Roach  
  76  5:30  Roach x2  
  76  5:33  Roach  
  81  5:40  Roach x3  
  85  5:45  Roach x2  
  85  5:49  Overlord  
  89  5:51  Roach  
  89  5:55  Roach  
  89  5:56  Roach  
  95  6:00  Roach  
  95  6:02  Overlord  
  98  6:04  Zergling x2  
  98  6:06  Ravager x4  
  98  6:08  Ravager x2  
  98  6:10  Zergling x2  
  105  6:12  Zergling x2  
  105  6:13  Zergling x2  
  105  6:18  Zergling x4  
  108  6:20  Ravager  
  108  6:21  Zergling x4  
  108  6:24  Zergling x4  
  113  6:26  Zergling x2  
  113  6:27  Ravager  
  113  6:28  Zergling x2  
  113  6:30  Zergling x2  
  117  6:33  Zergling x4  
  117  6:36  Zergling x4  
  115  6:48  Zergling x14  
  110  7:03  Roach x3  
  110  7:05  Zergling x2  
  105  7:10  Zergling x8  
  100  7:20  Ravager, Zergling x6  

Tags
 
Add a new tag
Caveats
  • Supply blocks, unpowered buildings, or Contaminate may cause inaccurate times.
  • Supply counts are checked every 10 seconds.